 Dungeon Crawl Stone Soup version 0.29-a0-214-g17f627cfee (webtiles) character file.

Game seed: 5677148393656887261

357 sammy202020 the Skirmisher (level 6, -12/37 (49) HPs)
             Began as a Demonspawn Berserker on Feb 25, 2022.
             Was a Believer of Trog.
             Killed from afar by Dowan (16 damage)
             ... with a stone arrow
             ... on level 4 of the Dungeon.
             The game lasted 00:08:38 (4425 turns).

sammy202020 the Skirmisher (Demonspawn Berserker)   Turns: 4425, Time: 00:08:39

HP:   -12/37 (49)   AC:  5    Str: 31    XL:     6   Next: 37%
MP:   0/6           EV: 12    Int:  8    God:    Trog [**....]
Gold: 163           SH:  0    Dex: 13    Spells: 5/5 levels left

rFire   . . .      SeeInvis .   a - +1 hand axe
rCold   . . .      Faith    .   (no shield)
rNeg    . . .      Spirit   +   g - +0 ring mail
rPois   .          Reflect  .   (no helmet)
rElec   .          Harm     .   (no cloak)
rCorr   .          Rampage  .   (no gloves)
Will    ++...                   (no boots)
Stlth   +.........              h - amulet of guardian spirit
HPRegen 1.12/turn               e - +6 ring of strength
MPRegen 0.20/turn               b - +6 ring of strength

@: strong-willed (expiring), on berserk cooldown, regenerating (expiring),
slowed, heavily drained, very slow
A: claws 1, powered by pain 1, magic shield, magic regeneration
a: Renounce Religion, Berserk, Trog's Hand


You were on level 4 of the Dungeon.
You worshipped Trog.
Trog was pleased with you.
You visited 1 branch of the dungeon, and saw 4 of its levels.

You collected 163 gold pieces.

Inventory:

Hand Weapons
 a - a +1 hand axe (weapon)
Armour
 g - a +0 ring mail (worn)
Jewellery
 b - a +6 ring of strength (right claw)
 d - an amulet of faith
 e - a +6 ring of strength (left claw)
 h - an amulet of guardian spirit (around neck)
 j - an amulet of regeneration
Scrolls
 c - 2 scrolls of identify
 i - a scroll of fear {unknown}
Potions
 f - a potion of ambrosia
 k - a potion of curing {unknown}
 l - a potion of mutation {unknown}


   Skills:
 + Level 4.3 Fighting
 + Level 4.0 Axes
 + Level 3.4 Armour
 + Level 3.4 Dodging


You had 5 spell levels left.
You didn't know any spells.
Your spell library was empty.

Dungeon Overview and Level Annotations

Branches:
Dungeon (4/15)
 Temple: D:4-7

Altars:
Okawaru

Annotations:
D:4 Dowan


Innate Abilities, Weirdness & Mutations

You have sharp fingernails.
You sometimes gain a little power by taking damage.
When hurt, damage is shared between your health and your magic reserves.
You regenerate magic rapidly.


Message History

Dowan is heavily wounded.
Dowan hits you with a +2 dagger of draining.
You feel drained.
Dowan hits you with a +2 dagger of draining.
You feel drained.
Dowan hits you with a +2 dagger of draining.
You feel drained.
Your skin crawls.
You feel strong-willed.
Dowan mumbles some strange words.
Dowan blinks!
Things that are here:
a +0 short sword; a +0 chain mail; the elf corpse of Duvessa You feel the effects of Trog's Hand fading.
Dowan points at you and mumbles some strange words.
The stone arrow hits you!!
* * * LOW HITPOINT WARNING * * *
You slash Dowan!
Dowan is severely wounded.
Dowan hits you with a +2 dagger of draining.
* * * LOW HITPOINT WARNING * * *
You feel drained.
* * * LOW HITPOINT WARNING * * *
Dowan barely misses you.
Dowan gestures wildly while chanting.
Dowan blinks!
Okay, then.
Dowan hits you with a +2 dagger of draining.
* * * LOW HITPOINT WARNING * * *
You feel drained.
Dowan hits you with a +2 dagger of draining.
* * * LOW HITPOINT WARNING * * *
You feel drained.
Things that are here:
a +0 short sword; a +0 chain mail; the elf corpse of Duvessa You hit Dowan.
Dowan is almost dead.
Dowan points at you and mumbles some strange words.
The stone arrow hits you!
You die...

#######.####
#..........#
#.#####....# #.#
####.# #.# #.#
#.# #.# #.#
######.# #.#
#......# #@#
#.####.# ###.#
#e# #.# #.# ....#
#.# #.# #.#
#####..
#.###.####.#
.......
###?......<..#
.......
..)........######
#######
############


You could see Dowan (fast).

Vanquished Creatures
  Duvessa (D:4)
  A bullfrog (D:4)
  A scorpion (D:4)
  A bullfrog skeleton (D:4)
  2 adders
  2 adder skeletons (D:2)
  A worm (D:3)
  3 dart slugs
  4 orcs (D:4)
  6 ball pythons
  3 bats
  4 endoplasms
  2 giant cockroaches
  8 goblins
  7 hobgoblins
  2 jackals (D:2)
  8 kobolds
  5 quokkas
  4 frilled lizards
  A quokka skeleton (D:2)
  3 rats
69 creatures vanquished.

Vanquished Creatures (others)
  A withered plant (D:2)
1 creature vanquished.

Grand Total: 70 creatures vanquished

Notes
Turn   | Place    | Note
-------+----------+-------------------------------------------
     0 | D:1      | sammy202020 the Demonspawn Berserker began the quest for
                  | the Orb.
     0 | D:1      | Reached XP level 1. HP: 18/18 MP: 1/1
   374 | D:1      | Gained mutation: You sometimes gain a little power by
                  | taking damage. [demonic ancestry]
   374 | D:1      | Reached XP level 2. HP: 6/24 MP: 2/2
  1347 | D:1      | Reached XP level 3. HP: 29/29 MP: 3/3
  1395 | D:1      | Found a faded altar of an unknown god.
  2009 | D:2      | Reached ** piety under Trog
  2761 | D:2      | Gained mutation: You regenerate magic rapidly. [demonic
                  | ancestry]
  2761 | D:2      | Reached XP level 4. HP: 31/35 MP: 4/4
  3200 | D:3      | Found an iron altar of Okawaru.
  3664 | D:3      | You fall into a shaft and drop 1 floor!
  3682 | D:4      | Noticed a bullfrog
  3697 | D:4      | Killed a bullfrog
  3698 | D:4      | Gained mutation: When hurt, damage is shared between your
                  | health and your magic reserves. [demonic ancestry]
  3698 | D:4      | Reached XP level 5. HP: 38/42 MP: 5/5
  4400 | D:4      | Noticed Duvessa
  4400 | D:4      | Noticed Dowan
  4412 | D:4      | Killed Duvessa
  4413 | D:4      | Gained mutation: You have sharp fingernails. [demonic
                  | ancestry]
  4413 | D:4      | Reached XP level 6. HP: 49/49 MP: 6/6
  4425 | D:4      | Killed from afar by Dowan

Illustrated notes

Levels and vault maps discovered:
D:1:      elethiomel_arrival_maze, layout_basic,
          dilly_ecumenical_altar_fadedgnrine, fountainhead
D:2:      layout_loops_ring, serial_undead, serial_undead_a, serial_undead_e,
          serial_undead_c, serial_undead_d
D:3:      layout_basic, okawaru_gym_becter, st_stairs_3,
          hangedman_decor_growths, minivault_14, bh_walls_and_bars
D:4:      layout_loops_ring, uniq_duvessa

Skill      XL: |  1  2  3  4  5 |
---------------+----------------+-----
Armour         | 2 3 |  3.4
Dodging        | 2 3 |  3.4
Axes           | 3 4 |  4.0
Fighting       | 4 |  4.3

Action                   |  1- 3 |  4- 6 || total
-------------------------+-------+-------++-------
Melee: Hand axe          |   151 |    93 ||   244
       Punch             |     1 |       ||     1
Invok: Berserk           |     1 |     1 ||     2
       Trog's Hand       |       |     1 ||     1
  Use: Scroll            |     1 |     2 ||     3
 Stab: Sleeping          |     2 |       ||     2
Armor: Animal skin       |     9 |       ||     9
       Leather armour    |    26 |       ||    26
       Ring mail         |     2 |    29 ||    31
Dodge: Dodged            |    91 |    49 ||   140

Table legend: (Time is in decaauts)
 A = Elapsed time spent in this place.
 B = Non-inter-level travel time spent in this place.
 C = Inter-level travel time spent in this place.
 D = Time resting spent in this place.
 E = Time spent auto-exploring this place.
 F = Levels seen in this place.
 G = Mean time per level.
                   A        B        C        D        E       F      G
               +--------+--------+--------+--------+--------+-----+--------+
         Total |   4471 |   4440 |     31 |    610 |   3140 |   4 | 1117.8 |
       Dungeon |   4471 |   4440 |     31 |    610 |   3140 |   4 | 1117.8 |
               +--------+--------+--------+--------+--------+-----+--------+

Top non-repeatable levels by time:
     D:1: 2001 daAuts
     D:2: 1068 daAuts
     D:4: 768 daAuts
     D:3: 632 daAuts
